 Dungeon Crawl Stone Soup version 0.30-a0-1116-gebefce21f7 (webtiles) character file.

Game seed: 12815407980775577576

17 sircluck the Trooper (level 2, -4/27 HPs)
             Began as a Hill Orc Fighter on Apr 21, 2023.
             Slain by a kobold
             ... wielding a +4 whip
              (5 damage)
             ... on level 1 of the Dungeon.
             The game lasted 00:00:33 (202 turns).

sircluck the Trooper (Hill Orc Fighter)              Turns: 202, Time: 00:00:34

Health: -4/27      AC:  6    Str: 18    XL:     2   Next: 62%
Magic:  2/2        EV:  9    Int:  8    God:
Gold:   28         SH:  4    Dex: 10    Spells: 1/1 levels left

rFire   . . .      SeeInvis .    a - +0 war axe
rCold   . . .      Faith    .    c - +0 buckler
rNeg    . . .      Spirit   .    b - +0 scale mail
rPois   .          Reflect  .    (no helmet)
rElec   .          Rampage  .    (no cloak)
rCorr   .                        (no gloves)
Will    .....                    (no boots) Stlth
                                 (no amulet)
HPRegen 0.24/turn                (no ring)
MPRegen 0.08/turn                (no ring)

@: no status effects
A: no striking features
a: no special abilities


You were on level 1 of the Dungeon.
You visited 1 branch of the dungeon, and saw 1 of its levels.

You collected 28 gold pieces.

Inventory:

Hand Weapons
 a - a +0 war axe (weapon)
Missiles
 f - 5 stones (quivered)
Armour
 b - a +0 scale mail (worn)
 c - a +0 buckler (worn)
Scrolls
 g - a scroll of blinking {unknown}
Potions
 d - a potion of might
 e - a potion of heal wounds {unknown}


   Skills:
 + Level 4.0 Fighting
 + Level 3.0 Axes
 + Level 3.5 Armour
 + Level 0.1 Dodging
 + Level 3.4 Shields


You had one spell level left.
You didn't know any spells.
Your spell library was empty.

Dungeon Overview and Level Annotations

Branches:
Dungeon (1/15)

Altars:


Message History

You escape the ball python's grasp.
Found 2 gold pieces.
The kobold shouts!
You block the ball python's attack. x2
The ball python bites you but does no damage.
You block the ball python's attack.
Things that are here:
a +0 dagger; a quokka corpse; a goblin corpse You barely miss the ball python.
The ball python is moderately wounded.
You block the ball python's attack. The ball python closely misses you.
You barely miss the ball python.
The ball python is moderately wounded.
The ball python closely misses you. The ball python grabs you.
The ball python constricts you. The ball python closely misses you.
The ball python constricts you.
You closely miss the ball python.
The ball python is moderately wounded.
The ball python bites you but does no damage.
The ball python constricts you. The ball python closely misses you.
The ball python constricts you.
You closely miss the ball python.
The ball python is moderately wounded.
You closely miss the kobold. The bat barely misses you.
You block the ball python's attack. The ball python constricts you.
The kobold hits you with a +4 whip.
Unknown command.
The ball python's grasp on you weakens, but your attempt to escape fails.
The bat hits you but does no damage. The ball python barely misses you.
The ball python constricts you. You block the kobold's attack.
You block the ball python's attack. The ball python constricts you.
You escape the ball python's grasp.
You closely miss the kobold. You closely miss the ball python.
You block the ball python's attack. The ball python barely misses you.
The kobold hits you with a +4 whip!
* * * LOW HITPOINT WARNING * * *
The ball python bites you but does no damage.
The ball python grabs you. The ball python constricts you.
You escape the ball python's grasp.
The kobold attacks as you move away! The kobold hits you with a +4 whip.
You die...

####.# #....#
#.#####.####
#.......#
######..#
#†#######
#.......#
####+########.#
.......bK@....#
........S######
......)..#
$........#
.........#
.........#
.........#
.........#


You could see a bat, a ball python and a kobold.

Vanquished Creatures
  3 ball pythons (D:1)
  An endoplasm (D:1)
  3 goblins (D:1)
  2 kobolds (D:1)
  A quokka (D:1)
  A bat (D:1)
  3 frilled lizards (D:1)
  4 rats (D:1)
18 creatures vanquished.

Notes
Turn   | Place    | Note
-------+----------+-------------------------------------------
     0 | D:1      | sircluck the Hill Orc Fighter began the quest for the Orb.
     0 | D:1      | Reached XP level 1. HP: 19/19 MP: 1/1
   110 | D:1      | Reached XP level 2. HP: 27/27 MP: 2/2
   135 | D:1      | Reached skill level 4 in Fighting
   201 | D:1      | HP: 1/27 [kobold/+4 whip (9)]
   202 | D:1      | Slain by a kobold

Illustrated notes

Levels and vault maps discovered:
D:1:      ldierk_walled_garden_2, layout_basic, minmay_split_cup_large

Skill      XL: |  1  2 |
---------------+-------+-----
Fighting       | 4 |  4.0
Axes           | 3 |  3.0
Armour         | |  3.5
Dodging        | |  0.1
Shields        | |  3.4

Action                     || total
---------------------------++-------
  Melee: War axe           ||    42
 Armour: Scale mail        ||    25
  Dodge: Dodged            ||    31
  Block: Buckler           ||    17

Table legend: (Time is in decaauts)
 A = Elapsed time spent in this place.
 B = Non-inter-level travel time spent in this place.
 C = Inter-level travel time spent in this place.
 D = Time resting spent in this place.
 E = Time spent auto-exploring this place.
 F = Levels seen in this place.
 G = Mean time per level.
                   A        B        C        D        E       F      G
               +--------+--------+--------+--------+--------+-----+--------+
         Total |    217 |    217 |      0 |      0 |    116 |   1 |  217.0 |
       Dungeon |    217 |    217 |      0 |      0 |    116 |   1 |  217.0 |
               +--------+--------+--------+--------+--------+-----+--------+

Top non-repeatable levels by time:
     D:1: 217 daAuts
